 Dungeon Crawl Stone Soup version 0.26-a0-835-g8259106e14 (webtiles) character file.

Game seed: 2695331785114903929

128 2tc the Chopper (level 5, -7/45 HPs)
             Began as a Hill Orc Fighter on Nov 17, 2020.
             Mangled by Sigmund
             ... wielding a +0 scythe
              (9 damage)
             ... on level 2 of the Dungeon.
             The game lasted 00:06:09 (1533 turns).

2tc the Chopper (Hill Orc Fighter)                  Turns: 1533, Time: 00:06:09

Health: -7/45      AC:  6    Str: 19    XL:     5   Next: 12%
Magic:  5/5        EV: 10    Int:  9    God:
Gold:   37         SH:  0    Dex: 10    Spells: 4/4 levels left

rFire    + . .     SeeInvis .   i - +0 hand axe
rCold    + . .     Faith    .   (no shield)
rNeg     . . .     Spirit   .   f - +0 ring mail
rPois    +         Reflect  .   (no helmet)
rElec    +         Harm     .   (no cloak)
rCorr    +         Rampage  .   g - +0 pair of gloves (curse)
MR       .....                  (no boots)
Stlth    ..........             (no amulet)
HPRegen  0.15/turn              (no ring)
MPRegen  0.09/turn              (no ring)

@: confused, resistant, attractive
A: no striking features
a: no special abilities


You were on level 2 of the Dungeon.
You visited 1 branch of the dungeon, and saw 2 of its levels.

You collected 37 gold pieces.

Inventory:

Hand Weapons
 a - a +0 war axe
 i - a +0 hand axe (weapon)
Missiles
 h - 125 stones (quivered)
Armour
 b - a +0 scale mail
 c - a +0 kite shield
 e - a +2 helmet of see invisible
 f - a +0 ring mail (worn)
 g - a cursed +0 pair of gloves (worn)
Scrolls
 j - a scroll of teleportation
Potions
 l - a potion of resistance


   Skills:
 - Level 3.6 Fighting
 * Level 6.8 Axes
 - Level 3.2 Armour
 - Level 3.2 Shields


You had 4 spell levels left.
You didn't know any spells.
Your spell library was empty.

Dungeon Overview and Level Annotations

Branches:
Dungeon (2/15)

Altars:

Annotations:
D:2 Sigmund


Message History

Sigmund is almost dead.
Sigmund points at you and mumbles some strange words.
You are confused.
You bump into the rock wall.
Sigmund gestures at you while chanting. You resist with some effort.
You closely miss Sigmund.
Sigmund is almost dead.
Sigmund hits you with a +0 scythe!
* * * LOW HITPOINT WARNING * * *
You hit Sigmund but do no damage.
Sigmund is almost dead.
Sigmund points at you and mumbles some strange words.
The puff of flame misses you. Sigmund hits you with a +0 scythe!
* * * LOW HITPOINT WARNING * * *
You hit Sigmund.
Sigmund is almost dead.
You're too confused to move!
Sigmund hits you with a +0 scythe!
You die...

#...........#.........#
#...........#.........# #.
#.....###...#.........# #..
#...........##.†......#
#...##......................
#...........................
#...........................
##..........................
###..........@.............
#........#.@.#.......####
#......§.#...#.........
#####............#.....
........................
......................
...[.........##.......
..#..........# .[.....
..#........### .......


You could see Sigmund.

Vanquished Creatures
  Jessica (D:2)
  Robin (D:2)
  3 adders
  A worm (D:2)
  A dart slug (D:1)
  A leopard gecko (D:2)
  A ball python (D:1)
  7 bats
  2 giant cockroaches (D:1)
  13 goblins
  6 hobgoblins
  3 jackals (D:1)
  8 kobolds
  A quokka (D:2)
  A frilled lizard (D:1)
  3 rats (D:1)
53 creatures vanquished.

Notes
Turn   | Place    | Note
-------+----------+-------------------------------------------
     0 | D:1      | 2tc the Hill Orc Fighter began the quest for the Orb.
     0 | D:1      | Reached XP level 1. HP: 19/19 MP: 1/1
    67 | D:1      | Reached skill level 3 in Axes
   102 | D:1      | Reached XP level 2. HP: 17/26 MP: 2/2
   231 | D:1      | Reached skill level 4 in Axes
   493 | D:1      | Reached XP level 3. HP: 31/31 MP: 3/3
   822 | D:2      | Noticed Sigmund
   891 | D:2      | Noticed Robin
   907 | D:2      | Reached skill level 5 in Axes
   909 | D:2      | Noticed Jessica
   947 | D:1      | Reached XP level 4. HP: 25/39 MP: 4/4
  1069 | D:2      | Killed Robin
  1302 | D:2      | Killed Jessica
  1303 | D:2      | Reached skill level 6 in Axes
  1428 | D:2      | Reached XP level 5. HP: 45/45 MP: 5/5
  1531 | D:2      | HP: 1/45 [Sigmund/+0 scythe (11)]
  1533 | D:2      | Mangled by Sigmund

Illustrated notes

Levels and vault maps discovered:
D:1:      roderic_crossed_star, layout_basic, hangedman_abyss_or_decor_stabs
D:2:      minmay_inner_zag, layout_basic, grunt_ministairs_11, uniq_jessica,
          uniq_sigmund, uniq_robin

Skill      XL: |  1  2  3  4 |
---------------+-------------+-----
Axes           | 3 4 5 6 |  6.8
Fighting       | |  3.6
Armour         | |  3.2
Shields        | |  3.2

Action                   |  1- 3 |  4- 6 || total
-------------------------+-------+-------++-------
Melee: War axe           |    67 |       ||    67
       Hand axe          |    55 |    78 ||   133
Throw: Stone             |       |     5 ||     5
  Use: Scroll            |     2 |     2 ||     4
       Potion            |       |     4 ||     4
Armor: Ring mail         |    52 |    25 ||    77
       Scale mail        |     1 |       ||     1
Dodge: Dodged            |    75 |    43 ||   118

Table legend: (Time is in decaauts)
 A = Elapsed time spent in this place.
 B = Non-inter-level travel time spent in this place.
 C = Inter-level travel time spent in this place.
 D = Time resting spent in this place.
 E = Time spent auto-exploring this place.
 F = Levels seen in this place.
 G = Mean time per level.
                   A        B        C        D        E       F      G
               +--------+--------+--------+--------+--------+-----+--------+
         Total |   1558 |   1520 |     38 |    581 |    492 |   2 |  779.0 |
       Dungeon |   1558 |   1520 |     38 |    581 |    492 |   2 |  779.0 |
               +--------+--------+--------+--------+--------+-----+--------+

Top non-repeatable levels by time:
     D:1: 1194 daAuts
     D:2: 363 daAuts
